 Seeded DCSS version 0.30-a0-779-g7971cf19c3 (webtiles) character file.

Game seed: 8796237800415217726 (custom seed)

43383 BigDaddyOpFi the Messiah (level 14, -46/129 HPs)
             Began as a Hill Orc Fighter on Feb 17, 2023.
             Was the Champion of Beogh.
             Annihilated by a titanic slime creature (92 damage)
             ... on level 12 of the Dungeon.
             The game lasted 00:21:35 (16971 turns).

BigDaddyOpFi the Messiah (Hill Orc Fighter)        Turns: 16971, Time: 00:21:36

Health: -46/129    AC: 29    Str: 23    XL:     14   Next: 24%
Magic:  25/25      EV:  2    Int:  9    God:    Beogh [******]
Gold:   1842       SH:  0    Dex: 14    Spells: 13/13 levels left

rFire   + . .      SeeInvis +    G - +11 war axe of Change {holy, rN+}
rCold   + . .      Faith    .    J - +10 tower shield of Ignorance {rN+ Int-4}
rNeg    + + +      Spirit   .    j - +0 crystal plate armour of the Distant Future {rF+ rC- rN+++ Regen+}
rPois   +          Reflect  +    O - +1 hat
rElec   .          Harm     .    p - +2 cloak of the Thief {*Fog Slay-2 SInv Stlth+}
rCorr   .          Rampage  .    N - +2 pair of gloves
Will    +....                    (no boots) Stlth
                                 i - amulet of Amorality {Reflect Drain rC++ SH+5}
HPRegen 1.21/turn                x - ring of poison resistance
MPRegen 0.19/turn                M - +6 ring of intelligence

@: confused, ambrosia-drunk
A: walk on water, agile 1
a: Renounce Religion, Smiting, Recall Orcish Followers, Give Item to Named
Follower, Resurrection


You were on level 12 of the Dungeon.
You worshipped Beogh.
Beogh was exalted by your worship.
You visited 3 branches of the dungeon, and saw 18 of its levels.
You also visited: Bailey.

You collected 2471 gold pieces.
You spent 629 gold pieces at shops.

Inventory:

Hand Weapons
 a - a +2 war axe
 s - the +4 hand axe "Fumm" {freeze, *Rage Dex+4}
   (You found it on level 2 of the Dungeon)

   Dex:       It affects your dexterity (+4).
   *Rage:     It berserks you when you make melee attacks (+20% chance).
 G - the +11 war axe of Change (weapon) {holy, rN+}
   (You bought it in a shop on level 9 of the Dungeon)

   rN:        It protects you from negative energy.
 Q - a +2 glaive
Armour
 c - a +3 buckler
 j - the +0 crystal plate armour of the Distant Future (worn) {rF+ rC- rN+++ Regen+}
   (You acquired it on level 1 of the Dungeon)

   rF:        It protects you from fire.
   rC:        It makes you vulnerable to cold.
   rN:        It renders you almost immune to negative energy.
   Regen:     It increases your rate of health regeneration.
 p - the +2 cloak of the Thief (worn) {*Fog Slay-2 SInv Stlth+}
   (You bought it in a shop on level 2 of the Dungeon)

   *Fog:      It may release a thick cloud of smoke when the wearer is hurt.
   Slay:      It affects your accuracy & damage with ranged weapons and melee
   (-2).
   SInv:      It lets you see invisible.
   Stlth:     It makes you more stealthy.
 B - a +0 kite shield
 J - the +10 tower shield of Ignorance (worn) {rN+ Int-4}
   (You found it in a bailey)

   Int:       It affects your intelligence (-4).
   rN:        It protects you from negative energy.
 N - a +2 pair of gloves (worn)
 O - a +1 hat (worn)
Jewellery
 i - the amulet of Amorality (around neck) {Reflect Drain rC++ SH+5}
   (You acquired it on level 1 of the Dungeon)

   [amulet of reflection]

   It reflects blocked missile attacks.
   rC:        It greatly protects you from cold.
   Drain:     It drains your maximum health when unequipped.
   SH:        It affects your SH (+5).
 n - an amulet of regeneration
 x - a ring of poison resistance (left hand)
 A - a ring of protection from fire
 D - an amulet of guardian spirit
 M - a +6 ring of intelligence (right hand)
 S - a ring of willpower
 T - an amulet of faith
 Z - a +6 ring of strength
Wands
 t - a wand of paralysis (13)
 y - a wand of flame (47)
 C - a wand of polymorph (8)
 I - a wand of roots (10)
 P - a wand of light (1) (quivered)
 U - a wand of mindburst (5)
Scrolls
 k - 6 scrolls of noise
 q - a scroll of magic mapping
 u - 4 scrolls of fear
 v - 3 scrolls of summoning
 w - 2 scrolls of poison
 E - 5 scrolls of teleportation
 F - 3 scrolls of identify
 K - 3 scrolls of fog
 X - a scroll of blinking
 Y - a scroll of enchant weapon
Potions
 b - 3 potions of magic
 d - 5 potions of might
 e - 9 potions of curing
 f - 6 potions of attraction
 g - 4 potions of berserk rage
 h - 7 potions of brilliance
 l - a potion of mutation
 m - 2 potions of lignification
 o - 5 potions of invisibility
 r - a potion of degeneration
 z - 2 potions of haste
 H - a potion of ambrosia
 R - a potion of resistance
 V - 2 potions of heal wounds {unknown}
 W - a potion of cancellation {unknown}
Miscellaneous
 L - a phantom mirror


   Skills:
 + Level 13.1 Fighting
 + Level 14.0 Axes
 + Level 12.1 Armour
 + Level 12.1 Shields
 * Level 15.9 Invocations


You had 13 spell levels left.
You didn't know any spells.
Your spell library contained the following spells:

 Spells                   Type           Power      Damage    Failure   Level
 Kiss of Death            Conj/Necr      0%         2d5       100%        1
 Magic Dart               Conj           0%         1d3       100%        1
 Call Imp                 Summ           0%         N/A       100%        2
 Lesser Beckoning         Tloc           0%         N/A       100%        2
 Call Canine Familiar     Summ           0%         N/A       100%        3
 Confusing Touch          Hex            0%         N/A       100%        3
 Gell's Gravitas          Tloc           0%         N/A       100%        3
 Ignite Poison            Fire/Tmut/Pois 0%         N/A       100%        3
 Kindle Blastsparks       Fire/Tloc/Air  0%         2d10      100%        3
 Mephitic Cloud           Conj/Pois/Air  0%         N/A       100%        3
 Portal Projectile        Hex/Tloc       0%         N/A       100%        3
 Teleport Other           Tloc           0%         N/A       100%        3
 Dispel Undead            Necr           0%         3d6       100%        4
 Leda's Liquefaction      Hex/Erth       0%         N/A       100%        4
 Blade Hands              Tmut           0%         N/A       100%        5
 Freezing Cloud           Conj/Ice/Air   0%         6-21      100%        5
 Irradiate                Conj/Tmut      0%         3d11      100%        5
 Dragon Form              Tmut           0%         N/A       100%        7


Dungeon Overview and Level Annotations

Branches:
Dungeon (12/15)            Temple (1/1) D:6            Lair (5/5) D:8
  Swamp (0/4) Lair:2       Spider (0/4) Lair:3        Slime (0/5) Lair:5
    Orc (0/2) D:11         Bailey (visited)

Altars:
Cheibriados
Elyvilon
Gozag
Ru
Vehumet
Wu Jian
Xom
Jiyva

Shops:
D:1 :   D:2 *   D:5 (   D:9 ((*:==

Portals:
Trove: D:11 (show slimy rune of Zot)

Annotations:
Lair:3 3 runed translucent doors, Jeuts's ghost, journeyman MiFi; bmack86's ghost, journeyman MiFi


Innate Abilities, Weirdness & Mutations

You can walk on water.
You are agile. (Dex +4, Str/Int -1)


Message History

You block the titanic slime creature's attack.
As you read the scroll of fear, it crumbles to dust.
You assume a fearsome visage.
The titanic slime creature looks frightened!
Aiming: Throw Flame
Press: ? - help, Q - select action, (/) - cycle Shift-Dir - straight line, f - titanic slime creature
Aim: a titanic slime creature (grey smoke, moderately wounded, fleeing, ally target, 93% to hit)
The puff of flame hits the titanic slime creature.
The titanic slime creature is moderately wounded.
Your attack snaps the titanic slime creature out of its fear.
Aiming: Throw Flame
Press: ? - help, Q - select action, (/) - cycle Shift-Dir - straight line, f/p - titanic slime creature
Aim: a titanic slime creature (grey smoke, moderately wounded, ally target, 93% to hit)
The puff of flame hits the titanic slime creature.
The titanic slime creature is moderately wounded.
You block the titanic slime creature's attack.
Aiming: Bolt of Light
Press: ? - help, Q - select action, (/) - cycle Shift-Dir - straight line, f/p - titanic slime creature
Aim: a titanic slime creature (grey smoke, moderately wounded, ally target, 94% to hit)
The bolt of light hits the titanic slime creature!
The titanic slime creature is moderately wounded.
Your orc no longer looks unusually strong.
You block the titanic slime creature's attack.
Aiming: Bolt of Light
Press: ? - help, Q - select action, (/) - cycle Shift-Dir - straight line, f/p - titanic slime creature
Aim: a titanic slime creature (grey smoke, moderately wounded, ally target, 94% to hit)
The bolt of light hits the titanic slime creature!
The titanic slime creature is heavily wounded.
You block the titanic slime creature's attack.
Aiming: Bolt of Light
Press: ? - help, Q - select action, (/) - cycle Shift-Dir - straight line, f/p - titanic slime creature
Aim: a titanic slime creature (grey smoke, heavily wounded, ally target, 94% to hit)
The bolt of light hits the titanic slime creature!
The titanic slime creature is heavily wounded.
The titanic slime creature hits you!!!
With a swish of your cloak, you release a cloud of fog.
You are confused.
You feel invigorated. The titanic slime creature hits you!!!!
Ouch! That really hurt!
You die...

##. #.. #!# ### #.#
..# #. #.# #.# . #ยง#
#.# . #J# ### #.# #
#@# ##o###.# # #o#
##.#o##.# ##
#.###o####.###.#o####.
#....oo..o## ##...o...
##########.###o######.
### ##.#o## ## ..#
##.## #># ### #.#


You could see a titanic slime creature (ally target), the friendly Margrim the
orc warlord and a friendly orc.

Vanquished Creatures
  2 dire elephants (Lair:5)
  A hydra (Lair:2)
  Fannar (D:11)
  A catoblepas (Lair:5)
  2 death yaks
  Sonja (D:11)
  2 spectral death yaks (Lair:5)
  A skyshark (Lair:3)
  A spectral anaconda (Lair:5)
  4 necromancers (Lair:5)
  A cyclops (D:11)
  2 black mambas
  9 elephants (Lair:5)
  2 gargoyles (D:12)
  7 cane toads
  An unseen horror (D:11)
  2 rime drakes
  6 komodo dragons
  A tyrant leech (Lair:2)
  A polar bear (D:8)
  2 trolls
  6 blink frogs
  A jumping spider (Lair:3)
  2 wraiths
  2 wyverns
  14 yaks
  A basilisk (Lair:5)
  A steam dragon (D:9)
  2 swamp worms (Lair:2)
  2 death yak simulacra (Lair:5)
  6 water moccasins
  4 ice beasts
  2 elephant zombies (Lair:5)
  A sky beast (D:7)
  2 black bears
  7 orc warriors
  2 ogres
  5 wolves
  5 centaurs
  2 kobold brigands
  7 bullfrogs
  2 necrophages (D:6)
  A gnoll sergeant (D:8)
  2 scorpions
  8 wights
  18 killer bees
  2 elephant simulacra (Lair:5)
  3 howler monkeys
  A vampire bat (Lair:1)
  7 jellies
  4 orc priests
  A hound (D:6)
  2 gnoll boudas
  2 iguanas (D:6)
  5 orc wizards
  13 gnolls
  8 adders
  A shadow imp (D:5)
  2 ufetubi
  A worm (D:2)
  24 orcs
  8 endoplasms
  6 giant cockroaches
  5 hobgoblins
  9 jackals
  3 quokkas
  4 ball pythons
  9 bats
  5 goblins
  11 kobolds
  5 rats
296 creatures vanquished.

Vanquished Creatures (collateral kills)
  4 hydras
  A two-headed ogre (D:9)
  3 death yaks
  A skyshark (Lair:3)
  An obsidian statue (Lair:5)
  A deep elf zephyrmancer (Bailey)
  15 elephants
  An ugly thing (D:12)
  A torpor snail (Lair:2)
  5 black mambas
  4 cane toads
  3 komodo dragons
  A polar bear (Lair:2)
  A troll (D:11)
  11 blink frogs
  A shadow (D:10)
  15 yaks
  2 wyverns
  A basilisk (Lair:5)
  A steam dragon (Lair:2)
  A swamp worm (Lair:2)
  13 water moccasins
  2 orc warriors
  A black bear (Lair:3)
  7 wolves
  6 bullfrogs
  An elephant simulacrum (Lair:5)
  2 vampire bats (Lair:1)
  An electric eel (D:9)
  2 orc priests (D:9)
  An orc wizard (D:9)
  4 orcs
  3 goblins (D:9)
  3 bats (Lair:1)
  A kobold (D:10)
121 creatures vanquished.

Vanquished Creatures (others)
  An orc knight (Lair:5)
  An orc sorcerer (Lair:5)
  An orc warrior (D:9)
  A jumping spider (Lair:3)
  A hound (D:4)
  An orc priest (D:8)
  3 orc wizards
  9 orcs
  An endoplasm (D:4)
  31 fungi
  58 plants
  31 withered plants
139 creatures vanquished.

Grand Total: 556 creatures vanquished

Notes
Turn   | Place    | Note
-------+----------+-------------------------------------------
     0 | D:1      | BigDaddyOpFi the Hill Orc Fighter began the quest for the
                  | Orb.
     0 | D:1      | Reached XP level 1. HP: 19/19 MP: 1/1
    63 | D:1      | Found Veoliky's Book Emporium.
    81 | D:1      | Identified 3 scrolls of acquirement
    81 | D:1      | Acquired the amulet of Amorality {Reflect Drain rC++ SH+5}
    88 | D:1      | Acquired the +0 crystal plate armour of the Distant Future
                  | {rF+ rC- rN+++ Regen+}
   101 | D:1      | Acquired 1216 gold pieces
   150 | D:1      | Reached XP level 2. HP: 27/27 MP: 2/2
   575 | D:2      | Reached XP level 3. HP: 33/33 MP: 3/3
   656 | D:2      | Found a faded altar of an unknown god.
   702 | D:2      | Reached XP level 4. HP: 39/40 MP: 4/4
  1143 | D:2      | Found Fuiquv's Assorted Antiques.
  1152 | D:2      | Bought the +2 cloak of the Thief {*Fog Slay-2 SInv Stlth+}
                  | for 442 gold pieces
  1152 | D:2      | Found the +2 cloak of the Thief {*Fog Slay-2 SInv Stlth+}
  1461 | D:2      | Identified the +4 hand axe "Fumm" {freeze, *Rage Dex+4}
  2040 | D:4      | Reached XP level 5. HP: 47/47 MP: 5/5
  2058 | D:4      | Became a worshipper of Beogh the Brigand
  2670 | D:5      | Entered Level 5 of the Dungeon
  2674 | D:5      | Noticed an ogre
  2682 | D:5      | Killed an ogre
  2683 | D:5      | Reached skill level 5 in Fighting
  2683 | D:5      | Reached XP level 6. HP: 29/56 MP: 6/6
  2784 | D:5      | Found Zunkiod's Weapon Emporium.
  2859 | D:5      | Reached * piety under Beogh
  2872 | D:5      | Reached skill level 5 in Axes
  3442 | D:5      | Reached skill level 5 in Armour
  3442 | D:5      | Reached skill level 5 in Shields
  3442 | D:5      | Reached XP level 7. HP: 61/61 MP: 7/7
  4449 | D:6      | Reached XP level 8. HP: 71/71 MP: 8/8
  4731 | D:6      | Found a staircase to the Ecumenical Temple.
  5716 | D:7      | Reached ** piety under Beogh
  5738 | D:7      | Reached XP level 9. HP: 69/79 MP: 9/9
  6951 | D:8      | Reached skill level 1 in Invocations
  7143 | D:8      | Noticed a polar bear
  7163 | D:8      | Killed a polar bear
  7164 | D:8      | Reached skill level 2 in Invocations
  7187 | D:8      | Reached skill level 3 in Invocations
  7187 | D:8      | Reached *** piety under Beogh
  7266 | D:8      | Noticed a rime drake
  7277 | D:8      | Killed a rime drake
  7278 | D:8      | Reached skill level 4 in Invocations
  7278 | D:8      | Reached XP level 10. HP: 90/90 MP: 11/13
  7414 | D:8      | Found a staircase to the Lair.
  7428 | D:8      | Reached skill level 5 in Invocations
  8252 | D:9      | Found a sacrificial altar of Ru.
  8271 | D:9      | Found a white marble altar of Elyvilon.
  8279 | D:9      | Reached skill level 6 in Invocations
  8387 | D:9      | Found Gokaos's Book Shop.
  8435 | D:9      | Found Fouth's Antique Weapon Shop.
  8443 | D:9      | Bought a warped war axe for 187 gold pieces
  8443 | D:9      | Identified the +11 war axe of Change {holy, rN+} (You
                  | bought it in a shop on level 9 of the Dungeon)
  8509 | D:9      | Found Humoutoe's Hydra Hut.
  8511 | D:9      | Noticed an eight-headed hydra
  8579 | D:9      | Found Plog's Assorted Antiques.
  8626 | D:9      | Found Rosap's Jewellery Shoppe.
  8637 | D:9      | Reached **** piety under Beogh
  8655 | D:9      | Found a flagged portal.
  8663 | Bailey   | Entered a bailey
  8694 | Bailey   | Found a large runed translucent door.
  8694 | Bailey   | Found a large runed translucent door.
  8695 | Bailey   | Noticed a deep elf zephyrmancer
  8697 | Bailey   | Noticed an orc knight
  8697 | Bailey   | Found the +10 tower shield of Ignorance {rN+ Int-4}
  9030 | Bailey   | Killed a deep elf zephyrmancer
  9031 | Bailey   | Reached skill level 7 in Invocations
  9045 | Bailey   | Identified the +9 scale mail "Zulutzomn" {rC+ Stlth+}
  9287 | D:9      | Found Tici Jal's Jewellery Shoppe.
  9290 | D:9      | Reached skill level 10 in Axes
  9402 | D:9      | Noticed a two-headed ogre
  9407 | D:9      | Killed a two-headed ogre
  9408 | D:9      | Reached skill level 8 in Invocations
  9434 | D:9      | Reached XP level 11. HP: 94/99 MP: 17/17
  9556 | Lair:1   | Entered Level 1 of the Lair of Beasts
  9757 | Lair:1   | Reached skill level 10 in Fighting
 10124 | Lair:1   | Reached skill level 9 in Invocations
 10306 | Lair:2   | Noticed an eight-headed hydra
 10313 | Lair:2   | Killed a 12-headed hydra
 10461 | Lair:2   | Gained mutation: You are agile. (Dex +4, Str/Int -1)
                  | [potion of mutation]
 11122 | Lair:2   | Reached skill level 10 in Invocations
 11291 | Lair:2   | Noticed a four-headed hydra
 11292 | Lair:2   | Noticed a five-headed hydra
 11296 | Lair:2   | Killed a four-headed hydra
 11300 | Lair:2   | Killed a six-headed hydra
 11302 | Lair:2   | Found a staircase to the Swamp.
 11558 | Lair:3   | Reached skill level 11 in Invocations
 11559 | Lair:3   | Reached XP level 12. HP: 108/108 MP: 20/20
 11582 | Lair:3   | Reached skill level 10 in Armour
 11582 | Lair:3   | Reached skill level 10 in Shields
 11622 | Lair:3   | Noticed an eight-headed hydra
 11629 | Lair:3   | Killed an 11-headed hydra
 11633 | Lair:3   | Reached ***** piety under Beogh
 11986 | Lair:3   | Reached skill level 12 in Invocations
 12062 | Lair:3   | Found a hole to the Spider Nest.
 12135 | Lair:3   | Found a runed translucent gate.
 12136 | Lair:3   | Found a runed translucent gate.
 12137 | Lair:3   | Found a runed translucent gate.
 12138 | Lair:3   | Noticed bmack86's ghost (journeyman MiFi)
 12138 | Lair:3   | Noticed Jeuts's ghost (journeyman MiFi)
 12816 | Lair:4   | Gained Margrim as an ally
 12841 | Lair:4   | Reached skill level 13 in Invocations
 12960 | Lair:4   | Noticed a death yak
 12963 | Lair:4   | Noticed a death yak
 12963 | Lair:4   | Noticed a death yak
 12966 | Lair:4   | Killed a death yak
 12976 | Lair:4   | Killed a death yak
 12976 | Lair:4   | Killed a death yak
 12977 | Lair:4   | Reached XP level 13. HP: 115/117 MP: 21/23
 13354 | Lair:5   | Entered Level 5 of the Lair of Beasts
 13381 | Lair:5   | Gained Olfrun as an ally
 13418 | Lair:5   | Gained Wargrak as an ally
 13515 | Lair:5   | Reached skill level 14 in Invocations
 13539 | Lair:5   | Your ally Wargrak died
 13557 | Lair:5   | Your ally Olfrun died
 14053 | Lair:5   | Noticed a dire elephant
 14055 | Lair:5   | Noticed a dire elephant
 14536 | Lair:5   | Found a viscous altar of Jiyva.
 14537 | Lair:5   | Found a staircase to the Slime Pits.
 14994 | Lair:5   | Killed a dire elephant
 15003 | Lair:5   | Killed a dire elephant
 15004 | Lair:5   | Reached skill level 15 in Invocations
 15308 | Lair:5   | Reached ****** piety under Beogh
 15350 | Lair:5   | Reached XP level 14. HP: 123/127 MP: 25/25
 15637 | Temple   | Entered the Ecumenical Temple
 15703 | D:10     | Entered Level 10 of the Dungeon
 16214 | D:10     | Found an ornate altar of the Wu Jian Council.
 16451 | D:11     | Found a staircase to the Orcish Mines.
 16452 | D:11     | Noticed Fannar
 16460 | D:11     | Killed Fannar
 16506 | D:11     | Noticed Sonja
 16512 | D:11     | Killed Sonja
 16567 | D:11     | Found a portal to a secret trove of treasure.
 16971 | D:12     | Annihilated by a titanic slime creature

Illustrated notes

Levels and vault maps discovered:
D:1:      heliophobic_arrival_henge, layout_rooms, serial_shops, shop_statue
D:2:      layout_basic, serial_shops, nicolae_lakefront_shop,
          ebering_ecumenical_altar_ruins
D:3:      layout_basic
D:4:      layout_rooms, kennysheep_generic_room_4
D:5:      layout_loops_corners, serial_shops, nicolae_shop_behind_doors
D:6:      layout_layer_cave, minmay_temple_entry_arrows, chequers_avenue
D:7:      layout_rooms, serial_aquarium, aquarium_bridge_straight
          [aquarium_subvault_bridge, aquarium_subvault_wall,
          aquarium_subvault_bridge, aquarium_subvault_window],
          aquarium_window_corridor_1, aquarium_window_1, aquarium_window_fake,
          aquarium_window_1, aquarium_view_2c, aquarium_view_2b,
          aquarium_balcony_3b, aquarium_pool_2
D:8:      layout_loops_ring, hellmonk_lair_entry_icy
D:9:      layout_irregular_city, nicolae_overflow_squiral, enter_bailey_3,
          serial_shops, shop, shop, nicolae_shop_window_shopping,
          nicolae_shop_hallway_stairs, shop, doesnt_shop_hydraphobe
D:10:     layout_basic, mainiacjoe_overflow_alcove_2
D:11:     layout_rooms, david_orc_2, nicolae_trove_entry_diagonal, uniq_fannar,
          uniq_sonja
D:12:     layout_loops_ring, onia_ninara_cookie
Temple:   nicolae_temple_bog_church
Lair:1:   layout_hall_layers, roderic_batcave
Lair:2:   layout_roguey, palyth_hydra_swamp_entry, lemuel_fruit_tree,
          serial_bayou_shore_a
Lair:3:   layout_gridlike, spider_nest_entry_a, gammafunk_ghost_cemetery
Lair:4:   layout_big_grid
Lair:5:   due_jungle_book, layout_layer_cave, dpeg_slime_entry_corner,
          columned_hall_lemuel

Skill      XL: |  1  2  3  4  5  6  7  8  9 10 11 12 13 14 |
---------------+-------------------------------------------+-----
Axes           | 3 4 5 6 7 9 10 11 12 13 14 | 14.0
Fighting       | 4 5 6 7 8 9 10 11 12 13 | 13.1
Armour         | 4 5 7 8 9 10 11 12 | 12.1
Shields        | 4 5 7 8 9 10 11 12 | 12.1
Invocations    | 4 8 11 13 15 | 15.9

Action                     |  1- 3 |  4- 6 |  7- 9 | 10-12 | 13-15 || total
---------------------------+-------+-------+-------+-------+-------++-------
  Melee: War axe           |    83 |    28 |       |   254 |   315 ||   680
         Hand axe          |       |   108 |   264 |    58 |       ||   430
 Invoke: Convert to Beogh  |       |     1 |       |       |       ||     1
         Smiting           |       |       |       |     2 |       ||     2
         Recall Orcish Fol |       |       |       |     5 |     5 ||    10
         Give Item to Name |       |       |       |       |     1 ||     1
  Evoke: Wand              |       |       |       |     8 |     5 ||    13
    Use: Scroll            |     3 |    14 |     5 |     5 |     9 ||    36
         Potion            |       |     1 |       |     3 |     4 ||     8
   Stab: Distracted        |       |       |       |     5 |     3 ||     8
         Confused          |       |       |       |     1 |       ||     1
         Paralysed         |       |       |       |     1 |       ||     1
 Armour: Crystal plate arm |    51 |    81 |   240 |   172 |   198 ||   742
         Scale mail        |     2 |       |       |       |       ||     2
  Dodge: Dodged            |     4 |    10 |    42 |    30 |    11 ||    97
  Block: Buckler           |    40 |    81 |   223 |    62 |       ||   406
         Reflection        |     2 |       |     5 |     8 |     4 ||    19
         Tower shield      |       |       |       |   387 |   476 ||   863

Table legend: (Time is in decaauts)
 A = Elapsed time spent in this place.
 B = Non-inter-level travel time spent in this place.
 C = Inter-level travel time spent in this place.
 D = Time resting spent in this place.
 E = Time spent auto-exploring this place.
 F = Levels seen in this place.
 G = Mean time per level.
                   A        B        C        D        E       F      G
               +--------+--------+--------+--------+--------+-----+--------+
         Total |  17435 |  16694 |    741 |   4769 |   9046 |  19 |  917.6 |
       Dungeon |  10804 |  10271 |    533 |   2971 |   5766 |  12 |  900.3 |
        Temple |      1 |      0 |      1 |      0 |      0 |   1 |    1.0 |
          Lair |   6121 |   5915 |    206 |   1507 |   3188 |   5 | 1224.2 |
        Bailey |    508 |    508 |      0 |    291 |     92 |   1 |  508.0 |
               +--------+--------+--------+--------+--------+-----+--------+

Top non-repeatable levels by time:
  Lair:5: 2148 daAuts
     D:6: 1830 daAuts
     D:8: 1492 daAuts
     D:5: 1327 daAuts
  Lair:1: 1228 daAuts
     D:7: 1215 daAuts
  Lair:3: 1161 daAuts
     D:2: 1125 daAuts
     D:9: 881 daAuts
  Lair:2: 874 daAuts
     D:4: 748 daAuts
  Lair:4: 708 daAuts
    D:10: 600 daAuts
     D:1: 535 daAuts
    D:11: 519 daAuts
